 Dungeon Crawl Stone Soup version 0.30-a0-702-gdf48620a09 (webtiles) character file.

Game seed: 9343799089021214455

495 Dartaoz the Skirmisher (level 6, -4/50 HPs)
             Began as a Minotaur Hunter on Jan 21, 2023.
             Slain by a mummy (16 damage)
             ... in an ossuary.
             The game lasted 00:04:59 (2550 turns).

Dartaoz the Skirmisher (Minotaur Hunter)            Turns: 2550, Time: 00:04:59

Health: -4/50      AC:  4    Str: 15    XL:     6   Next: 92%
Magic:  5/5        EV: 12    Int:  6    God:
Gold:   127        SH:  0    Dex: 16    Spells: 5/5 levels left

rFire   . . .      SeeInvis .    a - +0 shortbow
rCold   . . .      Faith    .    (shield currently unavailable)
rNeg    . . .      Spirit   .    c - +0 leather armour
rPois   .          Reflect  .    (helmet restricted)
rElec   .          Harm     .    h - +0 cloak
rCorr   .          Rampage  .    (no gloves)
Will    .....                    (no boots)
Stlth   ++                       (no amulet)
HPRegen 0.28/turn                m - ring of flight
MPRegen 0.09/turn                (no ring)

@: flying
A: horns 2, retaliatory headbutt
a: no special abilities


You were in an ossuary.
You visited 1 branch of the dungeon, and saw 4 of its levels.
You also visited: Ossuary.

You collected 127 gold pieces.

Inventory:

Hand Weapons
 a - a +0 shortbow (weapon)
Armour
 c - a +0 leather armour (worn)
 h - a +0 cloak (worn)
Jewellery
 m - a ring of flight (left hand)
Scrolls
 b - 2 scrolls of immolation
 e - a scroll of enchant armour {unknown}
 f - 4 scrolls of identify {unknown}
 g - a scroll of vulnerability {unknown}
 j - 3 scrolls of fog {unknown}
 k - a scroll of noise {unknown}
 q - a scroll of torment {unknown}
 s - a scroll of blinking {unknown}
 t - a scroll of enchant weapon {unknown}
 u - a scroll of fear {unknown}
Potions
 d - a potion of lignification {unknown}
 i - a potion of brilliance {unknown}
 l - a potion of magic {unknown}
 n - a potion of haste {unknown}
 o - 5 potions of heal wounds {unknown}
 p - 2 potions of degeneration {unknown}
 r - a potion of curing {unknown}


   Skills:
 - Level 2.6 Fighting
 + Level 9.0 Ranged Weapons
 - Level 2.3 Dodging
 - Level 1.0 Stealth


You had 5 spell levels left.
You didn't know any spells.
Your spell library was empty.

Dungeon Overview and Level Annotations

Branches:
Dungeon (4/15)            Ossuary (1/1)
 Temple: D:4-7

Altars:
Ashenzari


Innate Abilities, Weirdness & Mutations

You have a pair of horns on your head.
You reflexively headbutt those who attack you in melee.


Message History

You kill the adder!
You shoot an arrow. The arrow barely misses the endoplasm.
You shoot an arrow. The arrow hits the endoplasm!
You kill the endoplasm!
No target in view!
f - 4 scrolls labelled EGEHOO NIANI (gained 1)
A kobold comes into view. It is wielding a +0 dagger.
Found a sand-covered staircase.
The kobold shouts!
You see here a staff of fire.
You shoot an arrow. The arrow closely misses the kobold.
The kobold throws a stone.
The stone hits you but does no damage.
You shoot an arrow. The arrow closely misses the kobold.
You shoot an arrow. The arrow hits the kobold.
The kobold is severely wounded.
You shoot an arrow. The arrow hits the kobold.
You kill the kobold!
There is a sand-covered staircase here.
The world spins around you as you enter the gateway.
You enter an ossuary!
Found a gate leading back out of this place.
There is an empty arch of ancient stone here.
You shoot an arrow.
The arrow hits the mummy but does no damage.
You shoot an arrow. The arrow completely misses the mummy.
You shoot an arrow. The arrow hits the mummy.
The mummy is moderately damaged.
You shoot an arrow. The arrow hits the mummy!
The mummy is severely damaged.
You shoot an arrow. The arrow barely misses the mummy.
The mummy hits you. The mummy hits you! x2
* * * LOW HITPOINT WARNING * * *
You are too injured to fight recklessly!
You are too injured to fight recklessly!
You shoot an arrow. The arrow hits the mummy.
The mummy is almost destroyed.
You shoot an arrow. The arrow hits the mummy.
You destroy the mummy!
The mummy hits you!
You die...

##+##
#...#
#.∩.#
#...#
#.@.#
#.MM#
#.....#
#.#.#.#
#######


You could see 2 mummies.

Vanquished Creatures
  Grinder (D:4)
  2 hounds (D:3)
  Natasha (twice) (D:3)
  An orc wizard (D:3)
  A mummy (Ossuary)
  8 adders
  3 worms
  A dart slug (D:1)
  5 orcs (D:3)
  3 bats
  5 endoplasms
  6 giant cockroaches
  7 hobgoblins
  3 jackals (D:1)
  3 kobolds
  7 quokkas
  4 ball pythons
  7 goblins
  20 rats (D:2)
89 creatures vanquished.

Vanquished Creatures (others)
  8 fungi (D:3)
8 creatures vanquished.

Grand Total: 97 creatures vanquished

Notes
Turn   | Place    | Note
-------+----------+-------------------------------------------
     0 | D:1      | Dartaoz the Minotaur Hunter began the quest for the Orb.
     0 | D:1      | Reached XP level 1. HP: 18/18 MP: 0/0
    89 | D:1      | Reached skill level 1 in Stealth
   125 | D:1      | Reached XP level 2. HP: 25/25 MP: 1/1
   492 | D:1      | Reached skill level 5 in Ranged Weapons
   691 | D:2      | Reached XP level 3. HP: 8/30 MP: 2/2
  1153 | D:2      | Reached XP level 4. HP: 36/37 MP: 3/3
  1155 | D:2      | Reached skill level 6 in Ranged Weapons
  1531 | D:3      | Reached XP level 5. HP: 42/42 MP: 4/4
  1592 | D:3      | Reached skill level 7 in Ranged Weapons
  1742 | D:3      | Noticed Natasha
  1752 | D:3      | Killed Natasha
  2116 | D:3      | Noticed Natasha
  2122 | D:3      | Killed Natasha
  2123 | D:3      | Reached XP level 6. HP: 43/50 MP: 5/5
  2234 | D:3      | Reached skill level 8 in Ranged Weapons
  2300 | D:4      | Noticed Grinder
  2308 | D:4      | Paralysed by Grinder for 2 turns
  2315 | D:4      | Paralysed by Grinder for 2 turns
  2321 | D:4      | Killed Grinder
  2322 | D:4      | Reached skill level 9 in Ranged Weapons
  2513 | D:4      | Found a broken altar of Ashenzari.
  2530 | D:4      | Found a sand-covered staircase.
  2543 | Ossuary  | Entered an ossuary
  2550 | Ossuary  | Slain by a mummy

Illustrated notes

Levels and vault maps discovered:
D:1:      minmay_arrival_statue_studded, layout_basic
D:2:      layout_rooms, minmay_fountain_box, minmay_rat_hole
D:3:      layout_loops_corners, gup_sewer_entry_pipe,
          dreamdust_mushroom_princess, st_stairs_6, uniq_natasha
D:4:      layout_rooms, evilmike_ruin_ashenzari, general_overflow_altar,
          nicolae_vehumet_altar_sigil, kennysheep_slug_shrine, serial_glass,
          glass_columns_a, glass_columns_b, glass_columns_c, glass_columns_a,
          glass_columns_a, glass_columns_a, feat_on_display,
          minmay_strange_pillars, nicolae_ossuary_entry_ruins,
          hangedman_glass_teeth, uniq_grinder
Ossuary:  ossuary_minmay_chase

Skill      XL: |  1  2  3  4  5  6 |
---------------+-------------------+-----
Stealth        | 1 |  1.0
Ranged Weapons | 5 6 7 9 |  9.0
Fighting       | |  2.6
Dodging        | |  2.3

Action                   |  1- 3 |  4- 6 || total
-------------------------+-------+-------++-------
 Fire: Shortbow          |    85 |   175 ||   260
Armor: Leather armour    |     7 |    16 ||    23
Dodge: Dodged            |    36 |    45 ||    81

Table legend: (Time is in decaauts)
 A = Elapsed time spent in this place.
 B = Non-inter-level travel time spent in this place.
 C = Inter-level travel time spent in this place.
 D = Time resting spent in this place.
 E = Time spent auto-exploring this place.
 F = Levels seen in this place.
 G = Mean time per level.
                   A        B        C        D        E       F      G
               +--------+--------+--------+--------+--------+-----+--------+
         Total |   2600 |   2521 |     79 |      0 |   2057 |   5 |  520.0 |
       Dungeon |   2593 |   2514 |     79 |      0 |   2057 |   4 |  648.2 |
       Ossuary |      7 |      7 |      0 |      0 |      0 |   1 |    7.0 |
               +--------+--------+--------+--------+--------+-----+--------+

Top non-repeatable levels by time:
     D:3: 1078 daAuts
     D:1: 682 daAuts
     D:2: 584 daAuts
     D:4: 247 daAuts
 Ossuary: 7 daAuts
